 Dungeon Crawl Stone Soup version 0.22.1-2-g9c5b331 (webtiles) character file.

251 orange3 the Cudgeler (level 5, 0/47 HPs)
             Began as a Minotaur Berserker on Jan 2, 2019.
             Was a Believer of Trog.
             Succumbed to a worker ant's poison
             ... on level 4 of the Dungeon.
             The game lasted 00:11:50 (2727 turns).

orange3 the Cudgeler (Minotaur Berserker)           Turns: 2727, Time: 00:11:51

Health: 0/47       AC:  2    Str: 22    XL:     5   Next: 88%
Magic:  4/4        EV: 13    Int:  4    God:    Trog [**....]
Gold:   129        SH:  0    Dex: 10    Spells: 4/4 levels left

rFire    . . .     SeeInvis .   a - +0 mace
rCold    . . .     Gourm    .   (no shield)
rNeg     . . .     Faith    .   b - +0 animal skin
rPois    .         Spirit   .   (helmet restricted)
rElec    .         Reflect  .   (no cloak)
rCorr    .         Harm     .   (no gloves)
MR       .....                  (no boots)
Stlth    +.........             (no amulet)
HPRegen  0.15/turn              (no ring)
MPRegen  0.09/turn              (no ring)

@: lethally poisoned (0 -> -5)
A: retaliatory headbutt, horns 2
a: Berserk, Trog's Hand, Renounce Religion


You were on level 4 of the Dungeon.
You worshipped Trog.
Trog was pleased with you.
You were not hungry.

You visited 1 branch of the dungeon, and saw 4 of its levels.

You collected 129 gold pieces.

Inventory:

Hand Weapons
 a - a +0 mace (weapon)
 d - a +0 club
 p - a +0 giant club
 q - a +0 club
 r - a +0 giant spiked club
Armour
 b - a +0 animal skin (worn)
Scrolls
 e - a scroll of blinking {unknown}
 g - 4 scrolls of identify {unknown}
 h - 2 scrolls of magic mapping {unknown}
 i - 2 scrolls of teleportation {unknown}
 j - 3 scrolls of remove curse {unknown}
 k - 2 scrolls of enchant armour {unknown}
Potions
 f - 4 potions of curing {unknown}
 l - a potion of berserk rage {unknown}
 m - a potion of magic {unknown}
 n - a potion of resistance {unknown}
 o - a potion of agility {unknown}
Comestibles
 c - 3 rations


   Skills:
 + Level 4.8 Fighting
 + Level 6.4 Maces & Flails
 + Level 2.8 Armour
 + Level 3.1 Dodging
 + Level 1.2 Stealth


You had 4 spell levels left.
You didn't know any spells.
Your spell library was empty.

Dungeon Overview and Level Annotations

Branches:
Dungeon (4/15)
 Temple: D:4-7

Altars:
Trog
Yredelemnul

Annotations:
D:4 1 runed door


Innate Abilities, Weirdness & Mutations

You reflexively headbutt those who attack you in melee.
You have a pair of horns on your head.


Message History

* * * LOW HITPOINT WARNING * * *
You feel sick. The worker ant closely misses you.
You completely miss the worker ant. You headbutt the worker ant.
The worker ant is almost dead.
You recover from your berserk rage.
* * * LOW HITPOINT WARNING * * *
You feel sick. The worker ant misses you. You furiously retaliate!
You headbutt the worker ant.
You kill the worker ant!
Trog accepts your kill.
The orc throws a tomahawk.
The tomahawk misses you.
* * * LOW HITPOINT WARNING * * *
You feel sick.
* * * LOW HITPOINT WARNING * * *
You feel sick.
The orc throws a tomahawk.
The tomahawk closely misses you.
* * * LOW HITPOINT WARNING * * *
You feel sick.
* * * LOW HITPOINT WARNING * * *
You feel sick.
You die...

#.# #.## ##### ..!#
#...# #..# #._.#
#$.#### #
#...###......
#8.#####.8..#.#
#....@.....)#.######
#....#+#(.o..))......
#....#p#....)#.######
#....###.....#.##
#......(.....)..######
#.##..###...>.........
#....# #.#...†.####
####. .......#.## #
#####.##.#######


You could see an orc.

Vanquished Creatures
  An ogre (D:4)
  An orc wizard (D:4)
  Terence (D:3)
  A worker ant (D:4)
  2 adders
  2 worms (D:3)
  3 dart slugs
  A leopard gecko (D:1)
  4 orcs
  4 giant cockroaches
  5 goblins
  8 hobgoblins
  A ball python (D:2)
  10 bats
  3 frilled lizards
  A goblin skeleton (D:4)
  A jackal skeleton (D:4)
  4 kobolds
  7 rats
60 creatures vanquished.

Vanquished Creatures (others)
  A ghoul (D:1)
  2 draconians (D:1)
  An octopode (D:1)
  A troll (D:1)
  2 formicids (D:1)
  A vampire (D:1)
  A spriggan (D:1)
  A dwarf (D:1)
  A centaur (D:1)
  A kobold (D:1)
  4 tentacles (D:1)
16 creatures vanquished.

Grand Total: 76 creatures vanquished

Notes
Turn   | Place    | Note
-------+----------+-------------------------------------------
     0 | D:1      | orange3 the Minotaur Berserker began the quest for the Orb.
     0 | D:1      | Reached XP level 1. HP: 19/19 MP: 0/0
     0 | D:1      | Noticed a formicid
     0 | D:1      | Noticed a draconian
     0 | D:1      | Noticed a formicid
     0 | D:1      | Noticed a vampire
     0 | D:1      | Noticed a dwarf
     0 | D:1      | Noticed a troll
     0 | D:1      | Noticed a spriggan
     0 | D:1      | Noticed a kraken
     0 | D:1      | Noticed an octopode
     0 | D:1      | Noticed a draconian
     0 | D:1      | Noticed a ghoul
     0 | D:1      | Noticed a centaur
     4 | D:1      | Killed a spriggan
    10 | D:1      | Killed a dwarf
    16 | D:1      | Killed a formicid
    18 | D:1      | Killed an octopode
    19 | D:1      | Killed a centaur
    20 | D:1      | Killed a draconian
    24 | D:1      | Killed a vampire
    24 | D:1      | Killed a draconian
    25 | D:1      | Killed a formicid
    26 | D:1      | Killed a ghoul
    26 | D:1      | Killed a troll
    82 | D:1      | Reached skill level 4 in Maces & Flails
    82 | D:1      | Reached XP level 2. HP: 27/27 MP: 1/1
   301 | D:1      | Reached ** piety under Trog
   307 | D:1      | Reached XP level 3. HP: 23/33 MP: 2/2
  1087 | D:2      | Found a bloodstained altar of Trog.
  1692 | D:3      | Reached XP level 4. HP: 12/41 MP: 3/3
  2452 | D:3      | Reached skill level 5 in Maces & Flails
  2460 | D:3      | Noticed Terence
  2467 | D:3      | Killed Terence
  2668 | D:4      | Noticed an ogre
  2677 | D:4      | Killed an ogre
  2677 | D:4      | Reached skill level 6 in Maces & Flails
  2677 | D:4      | Reached skill level 1 in Stealth
  2677 | D:4      | Reached XP level 5. HP: 33/47 MP: 4/4
  2689 | D:4      | Found a runed door.
  2689 | D:4      | Noticed a human
  2691 | D:4      | Found a basalt altar of Yredelemnul.
  2724 | D:4      | HP: 2/47 [poisoned by a worker ant]
  2727 | D:4      | Succumbed to a worker ant's poison

Skill      XL: |  1  2  3  4  5 |
---------------+----------------+-----
Maces & Flails | 4 6 |  6.4
Fighting       | 4 |  4.8
Stealth        | 1 |  1.2
Dodging        | 3 |  3.1
Armour         | |  2.8

Action                   |  1- 3 |  4- 6 || total
-------------------------+-------+-------++-------
Melee: Mace              |    73 |    34 ||   107
       Headbutt          |    15 |     7 ||    22
Invok: Berserk           |     1 |     1 ||     2
 Stab: Sleeping          |     2 |       ||     2
  Eat: Chunk             |     1 |       ||     1
       Ration            |       |     2 ||     2
Armor: Animal skin       |    13 |     3 ||    16
Dodge: Dodged            |    47 |    22 ||    69
